 Dungeon Crawl Stone Soup version 0.31-a0-1070-g7e96135 (webtiles) character file.

Game seed: 10244123261078265963

2028030 DevouringOne the Invulnerable (level 25, 198/235 HPs)
             Began as an Armataur Fighter on Nov 25, 2023.
             Was an Initiate of Gozag.
             Escaped with the Orb
             ... and 3 runes!
             The game lasted 01:40:38 (46202 turns).

DevouringOne the Invulnerable (Armataur Fighter)   Turns: 46202, Time: 01:40:39

Health: 198/235    AC: 48    Str: 38    XL:     25   Next: 4%
Magic:  23/23      EV:  6    Int:  9    God:    Gozag
Gold:   3446       SH: 20    Dex: 11    Spells: 24/24 levels left

rFire   + +          .
                       - Unarmed
rCold   + + +        d - +3 kite shield {reflect}
rNeg    + + +        h - +8 plate armour of Hangman {Contam rElec rF++ SInv}
rPois   +            Q - +0 helmet of Nicsu {rCorr Str+5}
rElec   +            y - +0 cloak "Witoshog" {rN+ Str+6 Slay-2}
rCorr   +            M - +1 pair of gloves "Nihu" {rC++ Regen+ Str-5}
SInv    +            z - +4 barding {rC+}
Will    ++++.        X - amulet of the Four Winds {rN+ Will+++ Clar} Stlth
                     e - ring of positive energy
HPRegen 1.39/turn    f - ring of poison resistance
MPRegen 0.18/turn

%: reflection, clarity, roll
@: studying Earth Magic
A: large, deformed body, tough skin 3, armoured tail, roll 2, long tongue
0: Orb of Zot
}: 3/15 runes: serpentine, barnacled, silver
a: Renounce Religion, Potion Petition, Call Merchant, Bribe Branch


You escaped.
You worshipped Gozag.
Gozag was most pleased with you.
You visited 9 branches of the dungeon, and saw 47 of its levels.
You visited 1 ziggurat, and saw 8 of its levels.
You also visited: Ossuary, Gauntlet and Ice Cave.

You collected 27990 gold pieces.
You spent 4963 gold pieces at shops.
You paid 19581 gold pieces to Gozag.

Inventory:

Missiles
 x - a curare-tipped dart
 Y - a throwing net
Armour
 d - a +3 kite shield of reflection (worn)
 h - the +8 plate armour of Hangman (worn) {Contam rElec rF++ SInv}
   (You bought it in a shop on level 1 of the Vaults)

   rF++:      It greatly protects you from fire.
   rElec:     It insulates you from electricity.
   SInv:      It lets you see invisible.
   Contam:    It causes magical contamination when unequipped.
 y - the +0 cloak "Witoshog" (worn) {rN+ Str+6 Slay-2}
   (You found it on level 5 of the Vaults)

   Str+6:     It affects your strength (+6).
   Slay-2:    It affects your accuracy & damage with ranged weapons and melee
   (-2).
   rN+:       It protects you from negative energy.
 z - a +4 barding of cold resistance (worn)
 C - the +1 cloak of Starlight {*Dazzle EV+4 Stlth--}
   (You found it on level 5 of the Vaults)

   *Dazzle:   It may blind those who miss an attack against the wearer in melee
   combat.
   EV+4:      It affects your evasion (+4).
   Stlth--:   It makes you much less stealthy.
 M - the +1 pair of gloves "Nihu" (worn) {rC++ Regen+ Str-5}
   (You found it in a Gauntlet)

   Str-5:     It affects your strength (-5).
   rC++:      It greatly protects you from cold.
   Regen+:    It increases your rate of health regeneration.
 Q - the +0 helmet of Nicsu (worn) {rCorr Str+5}
   (You bought it in a shop on level 2 of the Lair of Beasts)

   Str+5:     It affects your strength (+5).
   rCorr:     It protects you from acid and corrosion.
 V - the +8 storm dragon scales of Rotten Life {rElec rF++}
   (You found it on level 2 of a ziggurat)

   rF++:      It greatly protects you from fire.
   rElec:     It insulates you from electricity.
Jewellery
 b - a +6 ring of strength
 e - a ring of positive energy (left hand)
 f - a ring of poison resistance (right hand)
 q - an amulet of regeneration
 w - a +6 ring of strength
 K - the ring of Demons {rF+ rC+ Dex+4}
   (You took it off a deep elf zephyrmancer on level 3 of the Elven Halls)

   [ring of protection from cold]

   Dex+4:     It affects your dexterity (+4).
   rF+:       It protects you from fire.
   rC+:       It protects you from cold.
 U - a ring of flight
 X - the amulet of the Four Winds (around neck) {rN+ Will+++ Clar}
   (You took it off a vault sentinel on level 5 of the Vaults)

   [amulet of nothing]

   rN+:       It protects you from negative energy.
   Will+++:   It greatly increases your willpower.
   Clar:      It protects you from confusion, rage, mesmerisation and fear.
Wands
 n - a wand of paralysis (35)
 E - a wand of digging (2)
 G - a wand of roots (52)
 T - a wand of polymorph (4)
 W - a wand of acid (33)
Scrolls
 g - 8 scrolls of immolation
 j - 3 scrolls of fog
 k - 3 scrolls of fear
 p - 14 scrolls of teleportation
 r - 9 scrolls of vulnerability
 s - 6 scrolls of amnesia
 F - 6 scrolls of blinking
 I - 2 scrolls of poison
 R - 4 scrolls of butterflies
 Z - 2 scrolls of torment
Potions
 a - 5 potions of enlightenment
 c - 4 potions of lignification
 i - 7 potions of magic
 l - 3 potions of attraction
 m - 3 potions of berserk rage
 o - 10 potions of brilliance
 t - 7 potions of might
 u - 3 potions of haste
 v - 19 potions of curing
 D - a potion of cancellation
 H - 11 potions of heal wounds
 J - 4 potions of resistance
 L - a potion of invisibility
 N - 3 potions of ambrosia
 O - 5 potions of mutation
Miscellaneous
 A - a phantom mirror
 P - a lightning rod (4/4)
 S - a tin of tremorstones (1/2)


   Skills:
 - Level 21.2 Fighting
 O Level 27 Armour
 + Level 26.5 Shields
 - Level 23.6 Unarmed Combat


You had 24 spell levels left.
You didn't know any spells.
Your spell library contained the following spells:

 Spells                   Type           Power      Damage    Failure   Level
 Apportation              Tloc           0%         N/A       67%         1
 Freeze                   Ice            0%         1d3       67%         1
 Kiss of Death            Conj/Necr      0%         2d5       67%         1
 Magic Dart               Conj           0%         1d3       67%         1
 Sandblast                Erth           0%         2d4       67%         1
 Shock                    Conj/Air       0%         1d3       67%         1
 Slow                     Hex            0%         N/A       67%         1
 Sting                    Tmut/Pois      0%         1d3       67%         1
 Blink                    Tloc           0%         N/A       80%         2
 Call Imp                 Summ           0%         N/A       80%         2
 Cigotuvi's Dreadful Rot  Necr/Pois/Air  0%         N/A       80%         2
 Ensorcelled Hibernation  Hex/Ice        0%         N/A       80%         2
 Jinxbite                 Hex            0%         N/A       80%         2
 Poisonous Vapours        Pois/Air       0%         N/A       80%         2
 Static Discharge         Conj/Air       0%         3-3/arc   80%         2
 Sublimation of Blood     Necr           0%         N/A       80%         2
 Wereblood                Tmut           0%         N/A       80%         2
 Call Canine Familiar     Summ           0%         N/A       95%         3
 Confusing Touch          Hex            0%         N/A       95%         3
 Frozen Ramparts          Ice            0%         1d1       95%         3
 Hailstorm                Conj/Ice       0%         3d3       95%         3
 Ignite Poison            Fire/Tmut/Pois 0%         N/A       95%         3
 Inner Flame              Hex/Fire       0%         N/A       95%         3
 Mephitic Cloud           Conj/Pois/Air  0%         N/A       95%         3
 Sigil of Binding         Hex            0%         N/A       95%         3
 Stone Arrow              Conj/Erth      0%         3d7       95%         3
 Summon Guardian Golem    Hex/Summ       0%         N/A       95%         3
 Tukima's Dance           Hex            0%         N/A       95%         3
 Vampiric Draining        Necr           0%         2d6       95%         3
 Volatile Blastmotes      Fire/Tloc      0%         2d10      95%         3
 Airstrike                Air            0%         2d(0-16)  100%        4
 Anguish                  Hex/Necr       0%         N/A       100%        4
 Brom's Barrelling Bould  Conj/Erth      0%         2d3       100%        4
 Cause Fear               Hex            0%         N/A       100%        4
 Dimensional Bullseye     Hex/Tloc       0%         N/A       100%        4
 Dispel Undead            Necr           0%         3d6       100%        4
 Flame Wave               Conj/Fire      0%         2d4       100%        4
 Fulminant Prism          Conj/Hex       0%         3d5       100%        4
 Iskenderun's Mystic Bla  Conj/Tloc      0%         2d3       100%        4
 Leda's Liquefaction      Hex/Erth       0%         N/A       100%        4
 Olgreb's Toxic Radiance  Pois           0%         N/A       100%        4
 Passage of Golubria      Tloc           0%         N/A       100%        4
 Petrify                  Tmut/Erth      0%         N/A       100%        4
 Sticky Flame             Conj/Fire      0%         2d3       100%        4
 Summon Ice Beast         Ice/Summ       0%         N/A       100%        4
 Summon Lightning Spire   Summ/Air       0%         N/A       100%        4
 Vhi's Electric Charge    Tloc/Air       0%         N/A       100%        4
 Alistair's Intoxication  Tmut/Pois      0%         N/A       100%        5
 Arcjolt                  Conj/Air       0%         1d10      100%        5
 Borgnjor's Vile Clutch   Necr/Erth      0%         N/A       100%        5
 Fireball                 Conj/Fire      0%         3d3       100%        5
 Freezing Cloud           Conj/Ice/Air   0%         6-21      100%        5
 Irradiate                Conj/Tmut      0%         3d11      100%        5
 Metabolic Englaciation   Hex/Ice        0%         N/A       100%        5
 Summon Forest            Summ/Tloc      0%         N/A       100%        5
 Yara's Violent Unravell  Hex/Tmut       0%         3d3       100%        5
 Conjure Ball Lightning   Conj/Air       0%         3x3d6     100%        6
 Death Channel            Necr           0%         N/A       100%        6
 Dispersal                Tloc           0%         N/A       100%        6
 Eringya's Noxious Bog    Tmut/Pois      0%         4d6       100%        6
 Plasma Beam              Fire/Air       0%         2x1d10    100%        6
 Enfeeble                 Hex            0%         N/A       100%        7
 Haunt                    Necr/Summ      0%         N/A       100%        7
 Orb of Destruction       Conj           0%         9d5       100%        7
 Spellforged Servitor     Conj/Summ      0%         N/A       100%        7
 Summon Hydra             Summ           0%         N/A       100%        7
 Borgnjor's Revivificati  Necr           0%         N/A       100%        8
 Disjunction              Tloc           0%         N/A       100%        8
 Maxwell's Capacitive Co  Air            0%         ∞         100%        8
 Death's Door             Necr           0%         N/A       100%        9
 Dragon's Call            Summ           0%         N/A       100%        9
 Animate Dead             Necr           Unusable   N/A       N/A         4
 Simulacrum               Ice/Necr       Unusable   N/A       N/A         6

Dungeon Overview and Level Annotations

Branches:
Dungeon (15/15)            Temple (0/1) D:7            Lair (5/5) D:11
 Shoals (4/4) Lair:2        Snake (4/4) Lair:3        Slime (0/5) Lair:5
    Orc (2/2) D:12            Elf (3/3) Orc:2        Vaults (5/5) D:13
  Crypt (0/3) Vaults:3     Depths (4/4) D:15            Zot (5/5) Depths:4
Ossuary (visited)           IceCv (visited)         Gauntlet (visited)

Altars:
Cheibriados
Gozag
Hepliaklqana
Kikubaaqudgha
Makhleb
Nemelex Xobeh
Qazlal
Ru
Vehumet
Yredelemnul
Zin
The Shining One
Jiyva
Lugonu

Shops:
D:1 *   D:4 !   D:6 !   D:7 [   D:9 !?   D:12 ?   D:15 [   Orc:1 ?[=
Orc:2 *(:!?   Elf:3 *!*[:=   Lair:2 [=   Lair:5 ?   Snake:2 :(   Snake:3 =::
Snake:4 (?   Vaults:1 :*[   Vaults:4 [   Depths:1 [*:   Depths:2 =

Portals:
Hell: Depths:1 Depths:2 Depths:3 Depths:4
Abyss: Depths:4
Trove: D:13 (give 7 potions of haste)

Annotations:
D:3 2 transporters, NewUser1's ghost, amateur VSFi
D:4 Blork the orc
D:6 exclusion: statue
D:12 3 runed translucent doors, Duomaof's ghost, journeyman DjFE
Snake:2 1 runed translucent door, Xakkaofoa's ghost, adept MeFi
Snake:3 1 runed translucent door, Asterion
Snake:4 Mlioglotl


Innate Abilities, Weirdness & Mutations

Armour fits poorly on your strangely shaped body.
You have extremely tough skin. (AC +3)
You have a long armoured tail.
You roll and regenerate health when moving toward enemies. (Rampage Heal)
Your long tongue fully drains potion bottles. (2x potion effects)


Message History

You tail-slap the shadow demon, but do no damage.
The shadow demon is moderately wounded.
You pummel the shadow demon!!
You tail-slap the shadow demon, but do no damage.
The shadow demon is severely wounded.
You block the shadow demon's attack.
You squash the shadow demon like an ant!!!
You kill the shadow demon!
What level of the Dungeon? (default 1, ? - help)
A hellion comes into view.
The hellion gives a hideous shriek!
The hellion gestures at you.
The sphere of damnation explodes!
The damnation engulfs you!!
You see here a +0 club.
There is a stone staircase leading up here.
The hellion gestures at you.
The sphere of damnation explodes!
The damnation engulfs you!!
You climb upwards.
There is a stone staircase leading down here.
There is a stone staircase leading up here.
You climb upwards.
There is a stone staircase leading down here.
Blink to where?
Press: ? - help, Q - select action, (/) - cycle Dir - move target
As you read the scroll of blinking, it crumbles to dust.
Blink to where?
Press: ? - help, Q - select action, (/) - cycle Dir - move target
As you read the scroll of blinking, it crumbles to dust.
Blink to where?
Press: ? - help, Q - select action, (/) - cycle Dir - move target
As you read the scroll of blinking, it crumbles to dust.
Blink to where?
Press: ? - help, Q - select action, (/) - cycle Dir - move target
As you read the scroll of blinking, it crumbles to dust.
You open the door.
Blink to where?
Press: ? - help, Q - select action, (/) - cycle Dir - move target
As you read the scroll of blinking, it crumbles to dust.
There is a staircase leading out of the dungeon here.
You have escaped!

#......##.......#
####'####....∩.#####
##PP#.#PP##..#.#######
########P~~#.#P.P####.#......
####....##P~~~#.#..PP###.#......
#.......#P~~~~#.#...PP#.......).
#...†...#P~~~~#.#....P#..#.....[
#####>..#######.#######.######.#
#...+......@......+.######.#
######...#######.#######....##.[#
#........#P....#.#~~~~P#....##.##
...###...#P.P..#.#~~~~P#....#..#
.........##PP..#.#~~~P##....#.##
#.####...###PPP#.#~~P##.....[.#
#.# ##### ##PP#.#PP##......###
..# ####'####.......# ..#
#..........#.###


There were no monsters in sight!

Vanquished Creatures
  An orb of fire (Zot:5)
  An ancient lich (Vaults:5)
  3 juggernauts (Depths:3)
  Vashnia (Snake:3)
  Margery (Vaults:3)
  2 Killer Klowns (Zig:8)
  A caustic shrike (Depths:3)
  4 golden dragons
  A bone dragon (Depths:4)
  A Brimstone Fiend (Zig:3)
  2 pandemonium lords
  A hellephant (Zig:3)
  7 tentacled monstrosities
  4 Ice Fiends
  2 Hell Sentinels
  6 liches
  3 Orb Guardians
  7 titans
  A walking earthen tome (Depths:3)
  A deep elf blademaster (Elf:3)
  2 deep elf master archers (Elf:3)
  A walking frostbound tome (Depths:3)
  5 quicksilver dragons
  3 Executioners
  A sphinx (Depths:3)
  3 death cobs
  Kirke (Lair:4)
  Donald (Snake:4)
  3 draconian monks
  6 shadow dragons
  8 tengu reavers
  15 frost giants
  3 storm dragons
  2 iron dragons
  10 nagarajas
  17 fire giants
  7 deep elf sorcerers
  A balrug (D:6)
  13 vault wardens
  5 deep elf elementalists (Elf:3)
  3 draconian shifters
  2 draconian scorchers
  4 orc warlords
  A demonspawn corrupter (Zig:5)
  3 draconian annihilators (Zot:3)
  2 draconian stormcallers (Zot:3)
  4 war gargoyles
  24 stone giants
  22 very ugly things
  27 ironbound preservers
  6 formless jellyfish
  2 demonspawn blood saints (Zig:7)
  4 vampire knights
  9 ironbound thunderhulks
  A demonspawn black sun (Zig:7)
  2 eleionomae (shapeshifter) (Zig:8)
  A stone giant (shapeshifter) (Zig:8)
  17 dire elephants
  A minotaur (Gauntlet)
  5 purple draconians
  7 green draconians
  4 red draconians
  A wendigo (Zig:4)
  11 deep elf annihilators
  4 deep elf demonologists
  A yellow draconian (Zot:1)
  2 lorocyprocas
  6 black draconians
  3 spark wasps
  A crystal guardian (Vaults:4)
  5 white draconians
  20 ettins
  Snorg (Orc:2)
  An eidolon (Vaults:3)
  Josephine (D:15)
  5 deep elf death magi
  8 fire dragons
  2 merfolk javelineers (Shoals:4)
  11 merfolk impalers
  8 deep elf high priests
  3 entropy weavers
  2 jiangshi (Depths:3)
  13 yaktaur captains
  7 great orbs of eyes
  5 hydras
  A hell beast (D:4)
  2 peacekeepers (Vaults:4)
  A rakshasa (D:15)
  6 ice dragons
  2 salamander tyrants
  30 vault guards
  9 anacondas
  6 ironbound frosthearts
  3 ogre magi (Vaults:5)
  9 centaur warriors
  7 spriggan air magi
  4 merfolk avatars
  4 boulder beetles
  5 two-headed ogres
  A death knight (D:14)
  17 naga warriors
  8 tengu warriors
  An alligator snapping turtle (Shoals:3)
  10 dancing weapons
  9 deep troll earth magi
  2 merfolk aquamancers (Shoals:4)
  3 orc high priests (Orc:2)
  6 deep troll shamans
  6 death yaks (Lair:5)
  16 hell knights
  4 vampire magi
  3 occultists
  4 spriggan berserkers
  11 deep elf knights
  26 naga sharpshooters
  8 shock serpents
  Sonja (D:11)
  4 sun demons (D:6)
  14 spriggans
  6 skeletal warriors
  10 iron trolls
  4 skysharks
  15 sea snakes
  2 salamander mystics (Snake:2)
  68 deep trolls
  3 flayed ghosts
  A glowing orange brain (Vaults:1)
  2 shadow demons
  5 naga ritualists
  8 arcanists
  An obsidian statue (Zig:2)
  15 ironbound convokers
  9 lindwurms
  11 deep elf archers
  8 necromancers
  2 tengu zombies
  18 deep elf pyromancers
  20 harpies
  An orange crystal statue (Zig:2)
  8 mana vipers
  A phantasmal warrior (Vaults:5)
  14 orc knights
  20 deep elf zephyrmancers
  4 orc sorcerers
  5 cyclopes
  8 fauns
  11 salamanders
  8 elephants (Lair:2)
  A human zombie (Vaults:3)
  8 large abominations
  An oklob plant (Gauntlet)
  40 ugly things
  17 manticores
  A shining eye (Depths:2)
  5 guardian serpents
  19 moths of wrath
  A black mamba (shapeshifter) (Vaults:5)
  2 apocalypse crabs (Zig:8)
  3 ice statues
  10 cane toads
  2 gargoyles
  11 merfolk sirens
  An eye of devastation (Depths:2)
  A torpor snail (shapeshifter) (Depths:3)
  5 water nymphs
  42 black mambas
  15 naga magi
  17 vault sentinels
  4 rime drakes
  10 freezing wraiths
  7 efreet
  13 ice devils
  30 yaktaurs
  A tengu conjurer (Depths:1)
  6 komodo dragons
  2 anaconda simulacra (IceCv)
  A human skeleton (Vaults:5)
  7 polar bears
  18 trolls
  A hellwing (Depths:1)
  2 trolls (shapeshifter) (D:15)
  3 meliai (D:15)
  5 hornets
  23 merfolk
  An elf zombie (Vaults:3)
  7 wind drakes
  Prince Ribbit (D:6)
  29 blink frogs
  2 glass eyes (Depths:3)
  10 snapping turtles
  2 dream sheep (Lair:5)
  61 slime creatures
  A centaur simulacrum (D:14)
  2 air elementals
  2 shadows
  A spriggan (shapeshifter) (Vaults:5)
  A dire elephant simulacrum (IceCv)
  A vampire (D:13)
  10 wraiths
  13 water elementals
  6 wyverns
  4 hogs (Lair:4)
  3 redbacks
  36 yaks
  4 fire elementals
  5 basilisks
  Eustachio (D:4)
  4 vampire mosquitoes
  A chaos spawn (Zig:7)
  2 death yak simulacra (IceCv)
  A yaktaur simulacrum (Vaults:5)
  An elf skeleton (Vaults:3)
  5 wargs
  An acid dragon (Gauntlet)
  2 harpy simulacra (IceCv)
  An ogre zombie (Vaults:3)
  39 nagas
  16 water moccasins
  A hydra simulacrum (IceCv)
  2 ice beasts
  47 orc warriors
  5 black bears
  A sky beast (D:6)
  15 ogres
  34 wolves
  An ogre (shapeshifter) (Vaults:5)
  4 boggarts (Lair:5)
  25 centaurs
  A centaur (shapeshifter) (Vaults:5)
  2 kobold brigands
  12 bullfrogs
  A gnoll sergeant (D:10)
  3 earth elementals (Elf:3)
  6 scorpions
  A two-headed ogre simulacrum (IceCv)
  4 small abominations (Gauntlet)
  4 cane toad simulacra (IceCv)
  21 wights
  A human simulacrum (Vaults:5)
  An elephant simulacrum (IceCv)
  2 electric eels (Lair:2)
  7 howler monkeys
  20 orc priests
  4 jellies
  4 hounds
  27 orc wizards
  2 sleepcaps
  7 hell rats (Lair:2)
  An iguana (shapeshifter) (Vaults:5)
  5 iguanas
  2 polar bear simulacra (IceCv)
  3 spriggan simulacra (IceCv)
  11 wolf simulacra (IceCv)
  8 mummies (Ossuary)
  10 gnolls
  9 adders
  A naga simulacrum (IceCv)
  A shadow imp (D:7)
  2 white imps
  3 ufetubi
  3 worms
  3 dart slugs (D:2)
  94 orcs
  9 endoplasms
  5 giant cockroaches
  4 gnoll zombies (Ossuary)
  6 goblins
  5 hobgoblins
  9 jackals
  14 kobolds
  2 quokkas
  3 ball pythons
  6 bats
  A frilled lizard (D:2)
  2 hobgoblin zombies (Ossuary)
  A kobold zombie (Ossuary)
  An orc zombie (Ossuary)
  4 rats
2064 creatures vanquished.

Vanquished Creatures (collateral kills)
  2 ancient liches (Zot:5)
  A Killer Klown (Zot:5)
  2 tentacled monstrosities (Zot:5)
  2 electric golems (Zot:5)
  8 Orb Guardians (Zot:5)
  A death cob (Zot:5)
  A ghost moth (Zot:5)
  A purple draconian (Zot:5)
  A red draconian (Zot:5)
19 creatures vanquished.

Vanquished Creatures (others)
  A Killer Klown (Zot:5)
  A pandemonium lord (Zig:8)
  A tentacled monstrosity (Zot:5)
  8 Orb Guardians (Zot:5)
  A deep elf sorcerer (Vaults:5)
  A draconian scorcher (Zot:5)
  A draconian annihilator (Zot:5)
  A red draconian (Zot:3)
  A purple draconian (Zot:5)
  A fire dragon (shapeshifter) (Zig:8)
  A rakshasa (Depths:1)
  4 deep elf knights
  A deep elf zephyrmancer (Elf:3)
  An apocalypse crab (Zig:8)
  A slime creature (D:14)
  A human simulacrum (Zig:4)
  An orc priest (Orc:2)
  2 orc wizards
29 creatures vanquished.

Grand Total: 2112 creatures vanquished

Notes
Turn   | Place    | Note
-------+----------+-------------------------------------------
     0 | D:1      | DevouringOne the Armataur Fighter began the quest for the
                  | Orb.
     0 | D:1      | Reached XP level 1. HP: 18/18 MP: 1/1
     9 | D:1      | Found Exaimena's General Store.
    49 | D:1      | Found a faded altar of an unknown god.
   402 | D:2      | Reached XP level 2. HP: 22/25 MP: 2/2
   596 | D:2      | Reached XP level 3. HP: 31/31 MP: 3/3
   804 | D:2      | Found a sparkling altar of Nemelex Xobeh.
  1175 | D:3      | Found a glowing silver altar of Zin.
  1223 | D:3      | Reached XP level 4. HP: 37/38 MP: 4/4
  1532 | D:3      | Found a transporter.
  1546 | D:3      | Reached XP level 5. HP: 33/46 MP: 5/5
  1645 | D:3      | Found a transporter.
  1645 | D:3      | Noticed NewUser1's ghost (amateur VSFi)
  1914 | D:4      | Noticed Eustachio
  1915 | D:4      | Found an opulent altar of Gozag.
  1934 | D:4      | Killed Eustachio
  1935 | D:4      | Reached XP level 6. HP: 48/52 MP: 6/6
  1950 | D:4      | Became a worshipper of Gozag Ym Sagoz the Greedy
  1971 | D:4      | Found a sacrificial altar of Ru.
  1979 | D:4      | Reached skill level 5 in Unarmed Combat
  2230 | D:4      | Noticed Blork the orc
  2323 | D:4      | Found Souf's Distillery.
  2328 | D:4      | Bought a potion of heal wounds for 50 gold pieces
  2328 | D:4      | Bought 2 potions of curing for 60 gold pieces
  2741 | D:4      | Gained mutation: You roll and regenerate health when moving
                  | toward enemies. (Rampage Heal) [Armataur growth]
  2741 | D:4      | Reached XP level 7. HP: 23/60 MP: 7/7
  2932 | D:4      | Bought a potion of berserk rage for 50 gold pieces
  2952 | D:5      | Entered Level 5 of the Dungeon
  3014 | D:4      | Reached skill level 5 in Fighting
  3642 | D:5      | Reached XP level 8. HP: 50/69 MP: 8/8
  4215 | D:6      | Found a radiant altar of Vehumet.
  4461 | D:6      | Found a sand-covered staircase.
  4465 | D:6      | Found Fegejogala's Distillery.
  4470 | D:6      | Bought a potion of might for 40 gold pieces
  4470 | D:6      | Bought a potion of might for 40 gold pieces
  4470 | D:6      | Bought a potion of haste for 100 gold pieces
  4470 | D:6      | Bought a potion of lignification for 30 gold pieces
  4482 | Ossuary  | Entered an ossuary
  4973 | D:6      | Noticed Prince Ribbit
  4989 | D:6      | Killed Prince Ribbit
  5234 | D:6      | Reached XP level 9. HP: 66/76 MP: 9/9
  5888 | D:7      | Found a snail-covered altar of Cheibriados.
  5894 | D:7      | Found Cheibriados's Comfort Zone.
  6051 | D:7      | Found a hazy altar of Hepliaklqana.
  6107 | D:7      | Found a staircase to the Ecumenical Temple.
  6160 | D:7      | Got the Compendium of Galvanic Wicked Arts
  6348 | D:7      | Found a stormy altar of Qazlal.
  6350 | D:7      | Found a basalt altar of Yredelemnul.
  6405 | D:7      | Reached skill level 10 in Unarmed Combat
  6680 | D:8      | Reached XP level 10. HP: 85/88 MP: 10/10
  7130 | D:9      | Bought a scroll of butterflies for 60 gold pieces
  7130 | D:9      | Bought a scroll of immolation for 60 gold pieces
  7130 | D:9      | Bought a scroll of identify for 30 gold pieces
  7130 | D:9      | Bought a scroll of fear for 60 gold pieces
  7132 | D:9      | Found a glowing golden altar of the Shining One.
  7227 | D:9      | Found Ratsapt's Distillery.
  7277 | D:9      | Bought 2 potions of curing for 84 gold pieces
  7277 | D:9      | Bought a potion of invisibility for 112 gold pieces
  7606 | D:10     | Entered Level 10 of the Dungeon
  7839 | D:10     | Noticed a two-headed ogre
  7846 | D:10     | Killed a two-headed ogre
  8306 | D:11     | Reached XP level 11. HP: 28/97 MP: 11/11
  8462 | D:11     | Found a gate leading to a gauntlet.
  8472 | Gauntlet | Entered a Gauntlet
  8472 | Gauntlet | Found a large runed translucent door.
  8472 | Gauntlet | Found a large runed translucent door.
  8472 | Gauntlet | Found a large runed translucent door.
  8472 | Gauntlet | Found a large runed translucent door.
  8472 | Gauntlet | Found a large runed translucent door.
  8472 | Gauntlet | Found a large runed translucent door.
  8472 | Gauntlet | Found a runed translucent door.
  8472 | Gauntlet | Found a transporter.
  8472 | Gauntlet | Found a transporter.
  8472 | Gauntlet | Found a runed translucent door.
  8472 | Gauntlet | Found a large runed translucent door.
  8472 | Gauntlet | Found a large runed translucent door.
  8472 | Gauntlet | Found a large runed translucent door.
  8472 | Gauntlet | Found a large runed translucent door.
  8472 | Gauntlet | Found a large runed translucent door.
  8472 | Gauntlet | Found a large runed translucent door.
  8476 | Gauntlet | Found a transporter.
  8478 | Gauntlet | Found a transporter.
  8486 | Gauntlet | Found a transporter.
  8486 | Gauntlet | Noticed a necromancer
  8487 | Gauntlet | Noticed a death yak
  8489 | Gauntlet | Noticed a death yak
  8496 | Gauntlet | Found a transporter.
  8496 | Gauntlet | Found a transporter.
  8496 | Gauntlet | Noticed a death yak
  8499 | Gauntlet | Noticed a hell beast
  8516 | Gauntlet | Found a transporter.
  8533 | Gauntlet | Found a transporter.
  8546 | Gauntlet | Found a large runed translucent door.
  8547 | Gauntlet | Found a large runed translucent door.
  8549 | Gauntlet | Found a runed translucent gate.
  8550 | Gauntlet | Found a runed translucent gate.
  8551 | Gauntlet | Found a transporter.
  8551 | Gauntlet | Found a runed translucent gate.
  8572 | Gauntlet | Noticed an oklob plant
  8573 | Gauntlet | Found a transporter.
  8598 | Gauntlet | Found a large runed translucent door.
  8598 | Gauntlet | Found a large runed translucent door.
  8616 | Gauntlet | Found a transporter.
  8626 | Gauntlet | Noticed a reaper
  8630 | Gauntlet | Found a transporter.
  8643 | Gauntlet | Found a transporter.
  8729 | Gauntlet | Found a transporter.
  8735 | Gauntlet | Noticed a large abomination
  8753 | Gauntlet | Found a transporter.
  8920 | Gauntlet | Killed an oklob plant
  8990 | Gauntlet | Killed a large abomination
  8991 | Gauntlet | Reached skill level 10 in Fighting
  8996 | Gauntlet | Identified the amulet of Autumn {Faith +Inv Str+2 Int+2}
  9075 | Gauntlet | Identified the +1 pair of gloves "Nihu" {rC++ Regen+ Str-5}
  9122 | Gauntlet | Noticed a minotaur
  9123 | Gauntlet | Found the +18 shield of the Gong {Loud rN+ Will+ rCorr
                  | EV-5}
  9137 | Gauntlet | Killed a minotaur
  9142 | Gauntlet | Identified the ring "Deyrchu" {*Corrode rC++ Str+6 Dex+2}
  9143 | Gauntlet | Got Sif Muna's Treatise on Nonlocality
  9285 | D:11     | Found a staircase to the Lair.
  9669 | D:11     | Noticed Sonja
  9686 | D:11     | Killed Sonja
  9975 | D:12     | Found a staircase to the Orcish Mines.
  9978 | D:12     | Noticed a cyan ugly thing
 10109 | D:12     | Found a frozen archway.
 10179 | D:12     | Killed a cyan ugly thing
 10193 | IceCv    | Entered an ice cave
 10261 | IceCv    | Reached XP level 12. HP: 85/108 MP: 12/12
 10357 | IceCv    | Reached skill level 15 in Unarmed Combat
 10765 | IceCv    | Found an ancient bone altar of Kikubaaqudgha.
 10967 | D:12     | Bought a scroll of identify for 34 gold pieces
 10967 | D:12     | Bought a scroll of poison for 68 gold pieces
 10967 | D:12     | Bought a scroll of identify for 34 gold pieces
 10967 | D:12     | Bought a scroll of fog for 68 gold pieces
 10967 | D:12     | Bought a scroll of identify for 34 gold pieces
 10967 | D:12     | Bought a scroll of poison for 68 gold pieces
 11162 | D:12     | Found a runed translucent gate.
 11163 | D:12     | Found a runed translucent gate.
 11164 | D:12     | Found a runed translucent gate.
 11166 | D:12     | Found the +2 hat of the Bear Spirit {Spirit, Bear, *Rage
                  | Will++}
 11167 | D:12     | Noticed Duomaof's ghost (journeyman DjFE)
 11363 | Orc:1    | Entered Level 1 of the Orcish Mines
 11506 | Orc:1    | Noticed an orc warlord
 11561 | Orc:1    | Killed an orc warlord
 11720 | Orc:1    | Noticed an orc warlord
 11766 | Orc:1    | Killed an orc warlord
 11767 | Orc:1    | Reached XP level 13. HP: 63/118 MP: 13/13
 11904 | Orc:1    | Found the sphere of Battle
 12038 | Orc:1    | Found Giggijunk's Magic Scroll Shoppe.
 12047 | Orc:1    | Bought a scroll of blinking for 135 gold pieces
 12047 | Orc:1    | Bought a scroll of immolation for 72 gold pieces
 12047 | Orc:1    | Bought a scroll of poison for 72 gold pieces
 12108 | Orc:2    | Entered Level 2 of the Orcish Mines
 12219 | Orc:1    | Found Estriu's Jewellery Emporium.
 12219 | Orc:1    | Noticed an orc warlord
 12256 | Orc:1    | Killed an orc warlord
 12527 | Orc:1    | Found Xuxko's Armour Shop.
 12593 | Orc:2    | Found a staircase to the Elven Halls.
 12786 | Orc:2    | Noticed Snorg
 12804 | Orc:2    | Killed Snorg
 12973 | Orc:2    | Found Fuleiw's Assorted Antiques.
 12979 | Orc:2    | Bought a fizzy dark potion for 29 gold pieces
 13163 | Orc:2    | Paralysed by an orc sorcerer for 5 turns
 13167 | Orc:2    | HP: 5/119 [orange demon[an orc sorcerer] (6)]
 13177 | Orc:2    | Reached skill level 4 in Armour
 13213 | Orc:2    | Reached skill level 5 in Armour
 13410 | Orc:2    | Reached skill level 5 in Shields
 13459 | Orc:2    | Found Gicheibb's Antique Weapon Emporium.
 13459 | Orc:2    | Found Cinia's Magic Scroll Shop.
 13462 | Orc:2    | Found Wick's Distillery.
 13462 | Orc:2    | Found Cirr's Book Emporium.
 13470 | Orc:2    | Bought 3 scrolls of blinking for 292 gold pieces
 13473 | Orc:2    | Bought a potion of heal wounds for 75 gold pieces
 13473 | Orc:2    | Bought a potion of heal wounds for 75 gold pieces
 13473 | Orc:2    | Bought a potion of might for 60 gold pieces
 13655 | Lair:1   | Entered Level 1 of the Lair of Beasts
 13671 | Lair:1   | Reached skill level 6 in Armour
 13820 | Lair:1   | Reached skill level 7 in Armour
 13964 | Lair:1   | Reached skill level 8 in Armour
 14327 | Lair:2   | Reached skill level 9 in Armour
 14354 | Lair:2   | Found an ancient bone altar of Kikubaaqudgha.
 14593 | Lair:2   | Reached skill level 10 in Armour
 14593 | Lair:2   | Reached XP level 14. HP: 122/127 MP: 14/14
 14650 | Lair:2   | Bought a slimy helmet for 332 gold pieces
 14650 | Lair:2   | Identified the +0 helmet of Nicsu {rCorr Str+5} (You bought
                  | it in a shop on level 2 of the Lair of Beasts)
 14773 | Lair:2   | Bought a heavily runed chain mail for 332 gold pieces
 14773 | Lair:2   | Identified the +5 chain mail of Lethargy {rCorr Dex+3} (You
                  | bought it in a shop on level 2 of the Lair of Beasts)
 15106 | Lair:2   | Found a staircase to the Shoals.
 15592 | Lair:3   | Found a staircase to the Snake Pit.
 16560 | Lair:4   | Noticed Kirke
 16577 | Lair:4   | Killed Kirke
 16961 | Lair:5   | Entered Level 5 of the Lair of Beasts
 17152 | Lair:5   | Found a viscous altar of Jiyva.
 17152 | Lair:5   | Found a staircase to the Slime Pits.
 17777 | Lair:5   | Reached XP level 15. HP: 118/134 MP: 15/15
 18228 | Lair:5   | Bought a scroll of revelation for 120 gold pieces
 18228 | Lair:5   | Bought a scroll of butterflies for 64 gold pieces
 18228 | Lair:5   | Bought a scroll of fear for 64 gold pieces
 18228 | Lair:5   | Bought a scroll of teleportation for 48 gold pieces
 18521 | D:13     | Found a portal to a secret trove of treasure.
 18537 | D:13     | Got the Precepts of Dynamic Lithomancy
 18594 | D:13     | Found a gate to the Vaults.
 18830 | D:13     | Reached skill level 15 in Fighting
 20004 | D:15     | Entered Level 15 of the Dungeon
 20252 | D:15     | Identified a scroll of acquirement
 20275 | D:15     | Acquired 1114 gold pieces
 20296 | D:15     | Identified the +8 long sword of Painful Death {drain,
                  | Dex+2}
 20338 | D:15     | Noticed Josephine
 20347 | D:15     | Killed Josephine
 20390 | D:15     | Identified the +0 robe of the Beekeeper {+Inv Str+3}
 20507 | D:15     | Found a staircase to the Depths.
 21004 | Snake:1  | Entered Level 1 of the Snake Pit
 21860 | Snake:1  | Reached XP level 16. HP: 132/151 MP: 16/16
 22409 | Snake:2  | Found Poigik's Weapon Emporium.
 22805 | Snake:2  | Found a burning altar of Makhleb.
 22868 | Snake:2  | Identified the +5 ring mail "Ogetaepp" {Harm rF++ rC+
                  | Dex-5}
 23035 | Snake:2  | Found Zodefuc's Self-Published Books.
 23116 | Snake:2  | Found a runed translucent door.
 23116 | Snake:2  | Noticed Xakkaofoa's ghost (adept MeFi)
 23805 | Snake:3  | Noticed Asterion
 23923 | Snake:3  | Found a runed translucent door.
 24149 | Snake:3  | Noticed Vashnia
 24208 | Snake:3  | Killed Vashnia
 24329 | Snake:3  | Found Sikhes's Book Emporium.
 24331 | Snake:3  | Found Wumag's Jewellery Shop.
 24332 | Snake:3  | Found Giothrur's Book Emporium.
 24385 | Snake:4  | Entered Level 4 of the Snake Pit
 24460 | Snake:4  | Found Juwour Ona's Weapon Emporium.
 24670 | Snake:4  | Bought a scroll of blinking for 120 gold pieces
 24700 | Snake:4  | Reached XP level 17. HP: 149/163 MP: 17/17
 24883 | Snake:4  | Acquired 861 gold pieces
 25201 | Snake:4  | Noticed Donald
 25224 | Snake:4  | Killed Donald
 25544 | Snake:4  | Noticed Mlioglotl
 25654 | Snake:4  | Got a serpentine rune of Zot
 26007 | Shoals:1 | Entered Level 1 of the Shoals
 27433 | Shoals:3 | Reached XP level 18. HP: 154/176 MP: 18/18
 27694 | Shoals:4 | Entered Level 4 of the Shoals
 28270 | Shoals:4 | Got a barnacled rune of Zot
 28433 | Shoals:4 | Identified the +4 flail of Truncation {elec, Will+ rCorr
                  | Int+3}
 29018 | Elf:1    | Entered Level 1 of the Elven Halls
 29089 | Orc:1    | Bought a ring of poison resistance for 200 gold pieces
 29991 | Elf:3    | Entered Level 3 of the Elven Halls
 30092 | Elf:3    | Found Taelanim's Book Boutique.
 30095 | Elf:3    | Found Jisorrepp's Armour Boutique.
 30095 | Elf:3    | Found Aceeh's General Store.
 30102 | Elf:3    | Found Ibeavyow's Distillery.
 30192 | Elf:3    | Bought a potion of resistance for 120 gold pieces
 30192 | Elf:3    | Bought a potion of lignification for 36 gold pieces
 30204 | Elf:3    | Bought 2 potions of might for 136 gold pieces
 30204 | Elf:3    | Bought a potion of might for 68 gold pieces
 30204 | Elf:3    | Bought 2 potions of heal wounds for 170 gold pieces
 30221 | Elf:3    | Reached XP level 19. HP: 186/187 MP: 19/19
 30645 | Elf:3    | Found Tagemn's Tempting Trifles.
 30656 | Elf:3    | Bought a scroll of teleportation for 54 gold pieces
 30821 | Elf:3    | Identified the +6 broad axe of Chagrin {freeze, rElec rN+
                  | SInv}
 30821 | Elf:3    | Identified the ring "Wofedo" {Fire Will++ Int+2 Dex+3 SInv}
 30841 | Elf:3    | Identified the ring of Demons {rF+ rC+ Dex+4}
 30887 | Elf:3    | Identified the +7 mace of Ravage {flame, rC+ Will++ Int+3}
 30926 | Elf:3    | Identified the +7 quarterstaff "Giant's Regret" {freeze,
                  | Will+}
 30926 | Elf:3    | Identified the +2 robe of Protective Custody {rElec}
 31036 | Elf:3    | Identified the +3 hand axe "Coruborarph" {flame, *Rage
                  | *Slow rElec Str+5}
 31091 | Elf:3    | Paralysed by an air elemental for 1 turns
 31162 | Elf:3    | Identified the +5 plate armour of Eternity {Will+ Regen+
                  | rCorr}
 31191 | Elf:3    | Got the Cyclopedia of Distorted Ozone
 31536 | Vaults:1 | Entered Level 1 of the Vaults
 31859 | Vaults:1 | Reached skill level 11 in Armour
 32261 | Vaults:1 | Found Weoquelu's Book Shoppe.
 32409 | Vaults:1 | Reached skill level 12 in Armour
 32749 | Vaults:1 | Found Ikejeowa's Assorted Antiques.
 32757 | Vaults:1 | Bought a jewelled plate armour for 952 gold pieces
 32757 | Vaults:1 | Identified the +8 plate armour of Hangman {Contam rElec
                  | rF++ SInv} (You bought it in a shop on level 1 of the
                  | Vaults)
 32757 | Vaults:1 | Bought a scroll of blinking for 255 gold pieces
 32980 | Vaults:2 | Reached XP level 20. HP: 149/198 MP: 20/20
 32982 | Vaults:2 | Reached skill level 13 in Armour
 32985 | Vaults:2 | Reached skill level 10 in Shields
 33209 | Vaults:2 | Reached skill level 14 in Armour
 33446 | Vaults:2 | You fall into a shaft and drop 2 floors!
 33588 | Vaults:4 | Paralysed by a formless jellyfish for 1 turns
 33836 | Vaults:3 | Noticed Margery
 33874 | Vaults:3 | Killed Margery
 33875 | Vaults:3 | Reached skill level 15 in Armour
 34020 | Vaults:2 | Identified the +5 long sword of Exchange {heavy, rF+ Will-
                  | Int+6 Stlth+}
 35144 | Vaults:3 | Reached skill level 16 in Armour
 35402 | Vaults:3 | Found a staircase to the Crypt.
 35565 | Vaults:3 | Reached XP level 21. HP: 198/204 MP: 21/21
 36302 | Vaults:4 | Paralysed by a formless jellyfish for 1 turns
 36326 | Vaults:4 | Reached skill level 17 in Armour
 37173 | Vaults:5 | Entered Level 5 of the Vaults
 37184 | Vaults:5 | Noticed a golden dragon
 37185 | Vaults:5 | Reached skill level 15 in Shields
 37187 | Vaults:5 | Reached skill level 18 in Armour
 37226 | Vaults:5 | Killed a golden dragon
 37298 | Vaults:5 | Reached skill level 19 in Armour
 37403 | Vaults:5 | Noticed an ancient lich
 37433 | Vaults:5 | Killed an ancient lich
 37434 | Vaults:5 | Reached XP level 22. HP: 175/211 MP: 22/22
 37804 | Vaults:5 | Reached skill level 20 in Armour
 37893 | Vaults:5 | Identified the +2 pair of gloves of Pandemonium {Dex+3}
 38299 | Vaults:5 | Noticed a golden dragon
 38305 | Vaults:5 | Killed a golden dragon
 38452 | Vaults:5 | Got a silver rune of Zot
 38592 | Vaults:5 | Noticed a golden dragon
 38597 | Vaults:5 | Killed a golden dragon
 38611 | Vaults:5 | Identified the ring of Areuharghu {Fire Drain Int+3 Dex+2}
 38816 | Vaults:5 | Found the +1 cloak of Starlight {*Dazzle EV+4 Stlth--}
 38877 | Vaults:5 | Identified the +0 cloak "Witoshog" {rN+ Str+6 Slay-2}
 39233 | Depths:1 | Entered Level 1 of the Depths
 39460 | Depths:1 | Found Urabatz's Book Boutique.
 39461 | Depths:1 | You fall into a shaft and drop 1 floor!
 39461 | Depths:2 | Found a one-way gateway to a ziggurat.
 39473 | Depths:2 | Reached skill level 21 in Armour
 39548 | Zig:1    | Entered Level 1 of a ziggurat
 39571 | Zig:2    | Entered Level 2 of a ziggurat
 39614 | Zig:2    | Identified the +8 storm dragon scales of Rotten Life {rElec
                  | rF++}
 39658 | Zig:3    | Entered Level 3 of a ziggurat
 39704 | Zig:4    | Entered Level 4 of a ziggurat
 39730 | Zig:4    | Paralysed by a wendigo for 1 turns
 39836 | Zig:5    | Entered Level 5 of a ziggurat
 39841 | Zig:5    | Noticed Pocrasar the pandemonium lord
 39862 | Zig:5    | Identified the +6 short sword of Vyxkirya {freeze, Int+3}
 39864 | Zig:6    | Entered Level 6 of a ziggurat
 39944 | Zig:6    | Identified the +3 broad axe of Magnificence {venom, MP+9}
 39977 | Zig:7    | Entered Level 7 of a ziggurat
 39983 | Zig:7    | Noticed Hoaklog the pandemonium lord
 39996 | Zig:7    | Killed Hoaklog the pandemonium lord
 40155 | Zig:8    | Entered Level 8 of a ziggurat
 40160 | Zig:8    | Noticed a Killer Klown
 40160 | Zig:8    | Found the +8 pair of quick blades "Gyre" and "Gimble"
                  | {protect}
 40160 | Zig:8    | Noticed a Killer Klown
 40164 | Zig:8    | Noticed Siulif the pandemonium lord
 40181 | Zig:8    | Killed a Killer Klown
 40187 | Zig:8    | Killed a Killer Klown
 40208 | Zig:8    | Killed Siulif the pandemonium lord
 40344 | Depths:2 | Reached skill level 22 in Armour
 40469 | Depths:2 | Reached XP level 23. HP: 220/220 MP: 23/23
 40540 | Depths:1 | Found Aloico Livvo's Antique Armour Boutique.
 40542 | Depths:1 | Found Sisoocsoe's Assorted Antiques.
 40853 | Depths:1 | Identified the +3 scale mail of Mezcal {Rampage rElec
                  | Will++ Dex-5}
 40958 | Depths:1 | Found a gateway to Hell.
 41348 | Depths:2 | Found Villoseu's Jewellery Boutique.
 41608 | Depths:2 | Reached skill level 23 in Armour
 42002 | Depths:3 | Noticed a juggernaut
 42018 | Depths:3 | Killed a juggernaut
 42152 | Depths:3 | Got Enkuang's Omnibus of the Terrestrial Sphinx
 42263 | Depths:3 | Reached skill level 24 in Armour
 42314 | Depths:3 | Noticed a caustic shrike
 42318 | Depths:3 | Killed a caustic shrike
 42409 | Depths:3 | Identified the +2 buckler of Wuecec {-Tele Will+ MP+9}
 42548 | Depths:3 | Identified the +3 chain mail "Jaxomi" {rElec Int-3 Slay+3}
 42583 | Depths:3 | Noticed a juggernaut
 42589 | Depths:3 | Killed a juggernaut
 42590 | Depths:3 | Reached skill level 25 in Armour
 42666 | Depths:3 | Noticed a juggernaut
 42675 | Depths:3 | Killed a juggernaut
 43242 | Depths:3 | Found a corrupted altar of Lugonu.
 43257 | Depths:4 | Entered Level 4 of the Depths
 43555 | Depths:4 | Reached skill level 26 in Armour
 43560 | Depths:4 | Reached XP level 24. HP: 228/228 MP: 23/23
 43949 | Depths:4 | Found a one-way gate to the infinite horrors of the Abyss.
 43999 | Depths:4 | Found a gate to the Realm of Zot.
 44017 | Zot:1    | Entered Level 1 of the Realm of Zot
 44692 | Zot:4    | Reached skill level 27 in Armour
 44985 | Zot:5    | Entered Level 5 of the Realm of Zot
 44986 | Zot:5    | Noticed an orb of fire
 45246 | Zot:5    | Killed an orb of fire
 45252 | Zot:5    | Noticed an orb of fire
 45253 | Zot:5    | Noticed a Killer Klown
 45262 | Zot:5    | Noticed an orb of fire
 45263 | Zot:5    | Killed a Killer Klown
 45264 | Zot:5    | Noticed a Killer Klown
 45272 | Zot:5    | Killed a Killer Klown
 45449 | Zot:5    | Noticed an ancient lich
 45450 | Zot:5    | Noticed an ancient lich
 45450 | Zot:5    | Noticed an orb of fire
 45451 | Zot:5    | Got the Orb of Zot
 45455 | Zot:5    | Killed an ancient lich
 45759 | Depths:1 | Noticed Kicluh the pandemonium lord
 45770 | Depths:1 | Killed Kicluh the pandemonium lord
 45800 | Depths:1 | Reached XP level 25. HP: 235/235 MP: 23/23
 46202 | D:$      | Escaped with the Orb!

Illustrated notes

Levels and vault maps discovered:
D:1:      psy_arrival_terrarium, layout_rooms,
          hellmonk_ecumenical_altar_leap_of_faith, serial_shops, shop
D:2:      layout_basic, basic_altar
D:3:      layout_loops_cross, mainiacjoe_overflow_small_starburst,
          gammafunk_ghost_mausoleum
D:4:      layout_loops_ring, mainiacjoe_overflow_chevrons, tgw_sif,
          grunt_gozag_breadcrumbs, serial_shops, shop, uniq_blork_the_orc,
          uniq_eustachio
D:5:      layout_gridville
D:6:      layout_basic, vehumet_statue, nicolae_ossuary_entry_ruins,
          serial_shops, nicolae_shop_pleasant_corner_grove, uniq_prince_ribbit1
D:7:      layout_loops_ring, nicolae_overflow_hidden_temple,
          worldfamousw_hep_ancestral_shrine, minmay_temple_entry_waves,
          minmay_shop_chei
D:8:      layout_basic, nicolae_the_louvre
D:9:      layout_rooms, mainiacjoe_overflow_alcove_1, serial_shops, shop
D:10:     layout_loops_ring
D:11:     layout_stronghold, david_lair_generic, gauntlet_entry_generic,
          uniq_sonja
D:12:     layout_stronghold, david_orc_3, portal_ice_cave_entry_pillars_2,
          gammafunk_ghost_spectres, serial_glass, glass_columns_b,
          glass_columns_a, glass_columns_c, glass_columns_a, glass_columns_b,
          glass_columns_a, glass_columns_a, glass_columns_b,
          kennysheep_crisscross
D:13:     layout_irregular_city, hellmonk_vaults_order_and_chaos,
          nicolae_trove_entry_free_sample
D:14:     layout_basic, chequers_serial_rivers_small_3
D:15:     grunt_enter_depths_snipers, layout_long_grid, uniq_josephine
Lair:1:   layout_concentric_octagons
Lair:2:   layout_loops_ring, minmay_shoals_entry_hut, lemuel_centaur_altar,
          lemuel_fruit_fields
Lair:3:   layout_roguey, alex1729_snake_entry_snake
Lair:4:   layout_cellular_growth, uniq_kirke
Lair:5:   minmay_lair_end_enchanted_forest, layout_regular_city, slime_entry_2,
          serial_bayou_shore_b, lemuel_fruit_fields
Shoals:1: layout_shoals, nicolae_shoals_lost_giant_baths,
          nicolae_shoals_shepherds
Shoals:2: layout_shoals, nicolae_shoals_cliffside_cave
Shoals:3: layout_shoals
Shoals:4: shoals_end_grunt_ice, layout_shoals
Snake:1:  layout_grid_maze
Snake:2:  layout_basic, serial_shops, nicolae_shop_tiny_waterfront,
          ebering_ghost_inner_flame, basic_altar, nicolae_custom_books
Snake:3:  layout_cave_town, lightli_airlock, minmay_shop_grove,
          grunt_megastairs_3, uniq_asterion, uniq_vashnia
Snake:4:  minmay_snake_end_coiled, layout_onion_interference, serial_shops,
          nicolae_shop_gibbet_a_chance,
          nicolae_snake_yet_another_twisty_hallway, nrook_loot_triangle,
          guppyfry_snake_island, uniq_mlioglotl, uniq_donald
Orc:1:    layout_caves, basic_altar, serial_shops, nicolae_shop_trees,
          nicolae_shop_gaudy_bauble, shop, minmay_orc_treasury
Orc:2:    grunt_orc_tribal_feast, layout_caves, serial_shops,
          nicolae_square_shop, basic_altar, uniq_snorg
Elf:1:    eino_elf_arrival_shootout, layout_loops_ring, minivault_28,
          feat_on_display
Elf:2:    elven_hall_of_blades_hangedman_original [nooodl_blade_entry_preview],
          layout_geoelf_octagon, serial_shops, shop, grunt_ministairs_4,
          nicolae_elf_shapeshifter_party, uniq_zenata
Elf:3:    minmay_elf_hall_x, layout_geoelf_grid, nicolae_alphabet_shops,
          minmay_shoptagon
Vaults:1: ontoclasm_vaults_pinch, v_misc_28, nicolae_vaults_security_offices_4,
          v_misc_4, v_misc_33, nicolae_vaults_trapezoid_1, v_misc_14,
          vaults_room_hallway, nicolae_vaults_trapezoid_layered, v_pattern_5,
          nicolae_vaults_trapezoid_lopsided_1, layout_vaults_maze_snakey,
          serial_shops, nicolae_shop_dealshenge, nicolae_shop_stone
Vaults:2: v_misc_9, hangedman_vaults_snaps, vaults_dpeg_spiral,
          nicolae_vaults_oval_intersection, nicolae_vaults_border_crossing,
          nicolae_vaults_alarming, nicolae_vaults_tetromino_Z_1,
          nicolae_vaults_closet_pinwheel_1, nicolae_vaults_double_plus_1,
          layout_vaults_omnigrid
Vaults:3: nicolae_vaults_storage_closets_2, minmay_crypt_entry_simple_sparse,
          nicolae_vaults_closet_pinwheel_6, ontoclasm_vaults_spin,
          vaults_dpeg_cross, v_misc_4, nicolae_vaults_trapezoid_4,
          nicolae_vaults_double_plus_1, vaults_dpeg_emergency_exit,
          layout_vaults_big_room, uniq_margery
Vaults:4: vaults_room_hallway, nicolae_vaults_six-pack,
          ontoclasm_vaults_decontamination,
          nicolae_vaults_windows_and_doors_thing, nicolae_vaults_trapezoid_1,
          grunt_vaults_bifocal, nicolae_vaults_offset_grid_hallway_3,
          nicolae_vaults_fighting_squares, nicolae_vaults_little_squares_6,
          v_alt_pattern_6, v_misc_27, nicolae_vaults_trapezoid_3, v_misc_18,
          nicolae_vaults_tetromino_L_1, layout_vaults_omnicross
Vaults:5
Depths:1: layout_basic, pf_hell_entry_tar_spiral, chequers_serial_rivers_room_a,
          minmay_fractal_squares_diagonal_5, minmay_shop_star
Depths:2: impenetrable_vault, layout_cave_pools, enter_ziggurat_c,
          hangedman_decor_diamond_cutter, pan_entry, serial_shops,
          nicolae_shop_back_alley_shop, hell_entry, grunt_ministairs_2,
          minmay_starry_boxes, infiniplex_staircase_spiral
Depths:3: minmay_the_grid_square_5x5_5x5 [minmay_the_grid_square_5x5_v,
          minmay_the_grid_square_5x5_three, minmay_the_grid_square_5x5_six,
          minmay_the_grid_square_5x5_shuriken,
          minmay_the_grid_square_5x5_spiral, minmay_the_grid_square_5x5_shrine2,
          minmay_the_grid_square_5x5_prize_snowflake,
          minmay_the_grid_square_5x5_eight_small,
          minmay_the_grid_square_5x5_prize_itemx,
          minmay_the_grid_square_5x5_minimal,
          minmay_the_grid_square_5x5_inner_i, minmay_the_grid_square_5x5_tie,
          minmay_the_grid_square_5x5_prize_rear_guard,
          minmay_the_grid_square_5x5_forky,
          minmay_the_grid_square_5x5_misaligned,
          minmay_the_grid_square_5x5_two_walls_b,
          minmay_the_grid_square_5x5_prize_open,
          minmay_the_grid_square_5x5_lines,
          minmay_the_grid_square_5x5_prize_pseudospiral,
          minmay_the_grid_square_5x5_almost_minimal,
          minmay_the_grid_square_5x5_bridge, minmay_the_grid_square_5x5_comb,
          minmay_the_grid_square_5x5_seven,
          minmay_the_grid_square_5x5_tri_point,
          minmay_the_grid_square_5x5_fancy_junction], layout_cave_pools,
          hell_entry, abyss_entry_flame_altar, solitary_fountain
Depths:4: grunt_zot_entry_tricorne, layout_gridlike, hell_entry, abyss_entry,
          nicolae_houndstooth_variations
Zot:1:    nicolae_zot_draconian_monastery, layout_onion_interference,
          regret_index_zotdec_ceiling_fans
Zot:2:    layout_onion_interference, uniq_tiamat
Zot:3:    kennysheep_oblong_rooms, layout_basic, regret_index_zotdec_iron_s
Zot:4:    lemuel_halls_of_wrath, layout_cathedral_of_symmetry,
          hangedman_zot_decor_checkerboard, nicolae_zot_crop_circle,
          grunt_megastairs_2
Zot:5:    layout_gridlike, hangedman_zot_decor_slant, nicolae_tricolors

Skill      XL: |  1  2  3  4  5  6  7  8  9 10 11 12 13 14 15 16 17 18 19 20 21 22 23 24 |
---------------+-------------------------------------------------------------------------+-----
Unarmed Combat | 2 3 4 5 7 9 10 12 14 16 17 18 19 20 22 23 | 23.6
Fighting       | 3 4 5 6 8 9 10 12 14 16 17 19 20 21 | 21.2
Armour         | 10 12 16 19 22 26 27 | 27.0
Shields        | 6 9 13 16 20 23 26 | 26.5

Action                     |  1- 3 |  4- 6 |  7- 9 | 10-12 | 13-15 | 16-18 | 19-21 | 22-24 | 25-27 || total
---------------------------+-------+-------+-------+-------+-------+-------+-------+-------+-------++-------
  Melee: Unarmed           |    94 |   146 |   355 |   725 |  1370 |  1593 |  1523 |  2041 |    44 ||  7891
         Tailslap          |    13 |    13 |    41 |   112 |   226 |   254 |   346 |   465 |    11 ||  1481
  Throw: Dart              |       |       |       |     7 |     4 |       |       |       |       ||    11
 Invoke: Call Merchant     |       |       |       |     2 |     3 |     2 |     3 |       |       ||    10
         Potion Petition   |       |       |       |     1 |     1 |     1 |       |     1 |       ||     4
         Bribe Branch      |       |       |       |       |       |       |       |     2 |       ||     2
  Evoke: Wand              |       |       |     6 |     2 |    18 |     7 |     2 |     8 |       ||    43
         Lightning rod     |       |       |       |       |     8 |    10 |     8 |       |       ||    26
         Tin of tremorston |       |       |       |       |     2 |     3 |     2 |     2 |       ||     9
    Use: Potion            |       |     1 |     4 |    15 |     4 |     6 |     1 |     3 |       ||    34
         Scroll            |       |     5 |     1 |    13 |    15 |    18 |    12 |    14 |     5 ||    83
   Stab: Distracted        |       |       |       |     3 |     8 |    16 |     8 |    14 |     1 ||    50
         Invisible         |       |       |       |     5 |       |     3 |       |       |       ||     8
         Confused          |       |       |       |       |       |       |       |     2 |       ||     2
 Armour: Scale mail        |    10 |       |       |       |       |       |       |       |       ||    10
         Chain mail        |    51 |    98 |   293 |   421 |  1077 |  1290 |       |       |       ||  3230
         Skin              |       |       |     3 |       |       |    12 |       |       |       ||    15
         Storm dragon scal |       |       |       |       |       |   158 |   331 |       |       ||   489
         Plate armour      |       |       |       |       |       |       |   903 |  1394 |    18 ||  2315
  Dodge: Dodged            |    23 |    34 |    60 |    82 |   281 |   169 |   119 |   213 |    12 ||   993
         Repelled          |       |       |       |       |     2 |    24 |     2 |       |       ||    28
  Block: Buckler           |    18 |    26 |    50 |    76 |   402 |       |       |       |       ||   572
         Kite shield       |       |       |       |   306 |    21 |   760 |   598 |  1161 |    32 ||  2878
         Reflection        |       |       |       |       |       |    34 |    46 |     9 |       ||    89

Table legend: (Time is in decaauts)
 A = Elapsed time spent in this place.
 B = Non-inter-level travel time spent in this place.
 C = Inter-level travel time spent in this place.
 D = Time resting spent in this place.
 E = Time spent auto-exploring this place.
 F = Levels seen in this place.
 G = Mean time per level.
                   A        B        C        D        E       F      G
               +--------+--------+--------+--------+--------+-----+--------+
         Total |  43670 |  38856 |   4814 |    826 |  26696 |  58 |  752.9 |
       Dungeon |  12731 |  11480 |   1251 |    181 |   9084 |  15 |  848.7 |
          Lair |   4693 |   4185 |    508 |      0 |   3278 |   5 |  938.6 |
        Shoals |   2679 |   1861 |    818 |    131 |    894 |   4 |  669.8 |
     Snake Pit |   4688 |   4156 |    532 |    190 |   2540 |   4 | 1172.0 |
  Orcish Mines |   2303 |   2028 |    275 |     77 |   1234 |   2 | 1151.5 |
   Elven Halls |   2193 |   1634 |    559 |     80 |    748 |   3 |  731.0 |
        Vaults |   7009 |   6623 |    386 |     59 |   4820 |   5 | 1401.8 |
        Depths |   3761 |   3594 |    167 |      0 |   2570 |   4 |  940.2 |
           Zot |   1418 |   1102 |    316 |      0 |    449 |   5 |  283.6 |
      Ziggurat |    659 |    659 |      0 |      4 |    364 |   8 |   82.4 |
       Ossuary |    227 |    227 |      0 |      0 |    129 |   1 |  227.0 |
      Ice Cave |    642 |    642 |      0 |     32 |    273 |   1 |  642.0 |
      Gauntlet |    663 |    663 |      0 |     69 |    312 |   1 |  663.0 |
               +--------+--------+--------+--------+--------+-----+--------+

Top non-repeatable levels by time:
Vaults:5: 1647 daAuts
Vaults:2: 1479 daAuts
 Snake:4: 1409 daAuts
Vaults:4: 1383 daAuts
     D:6: 1317 daAuts
   Elf:3: 1308 daAuts
Depths:3: 1257 daAuts
Vaults:1: 1255 daAuts
Vaults:3: 1243 daAuts
   Orc:1: 1235 daAuts
 Snake:1: 1222 daAuts
     D:4: 1206 daAuts
  Lair:5: 1188 daAuts
 Snake:3: 1153 daAuts
  Lair:2: 1104 daAuts
